 Dungeon Crawl Stone Soup version 0.25-a0-404-gc1b5a34292 (webtiles) character file.

Game seed: 9412694841774224432, levelgen mode: deterministic

39 Jerej03 the Grave Robber (level 3, 0/24 HPs)
             Began as a Demonspawn Necromancer on Jan 11, 2020.
             Slain by a jackal (1 damage)
             ... on level 2 of the Dungeon.
             The game lasted 00:08:23 (1064 turns).

Jerej03 the Grave Robber (Demonspawn Necromancer)   Turns: 1064, Time: 00:08:24

Health: 0/24       AC:  2    Str:  9    XL:     3   Next: 28%
Magic:  1/6        EV: 12    Int: 16    God:
Gold:   54         SH:  0    Dex: 13    Spells: 5/7 levels left

rFire    . . .     SeeInvis .   g - +0 whip (flame)
rCold    . . .     Gourm    .   (no shield)
rNeg     . . .     Faith    .   a - +0 robe
rPois    .         Spirit   .   e - +0 helmet
rElec    +         Reflect  .   (no cloak)
rCorr    .         Harm     .   (no gloves)
MR       .....                  (no boots)
Stlth    ++........             (no amulet)
HPRegen  0.08/turn              (no ring)
MPRegen  0.10/turn              (no ring)

@: very slightly contaminated
A: claws 1, deformed body, sense surroundings 1, electricity resistance
a: no special abilities


You were on level 2 of the Dungeon.
You were not hungry.

You visited 1 branch of the dungeon, and saw 2 of its levels.

You collected 54 gold pieces.

Inventory:

Hand Weapons
 d - a +0 hand axe of chopping
 g - a +0 whip of flaming (weapon)
Armour
 a - a +0 robe (worn)
 e - a +0 helmet (worn)
Comestibles
 c - 7 rations
 f - 2 chunks of flesh


   Skills:
 + Level 0.5 Axes
 + Level 1.9 Dodging
 + Level 1.8 Stealth
 + Level 2.5 Spellcasting
 + Level 5.0 Necromancy


You had 5 spell levels left.
You knew the following spells:

 Your Spells              Type           Power        Failure   Level  Hunger
a - Pain                  Necr           ###.         2%          1    #......
b - Animate Skeleton      Necr           N/A          2%          1    #......

Your spell library contained the following spells:

 Spells                   Type           Power        Failure   Level  Hunger
 Vampiric Draining        Necr           ###.......   8%          3    ###....
 Animate Dead             Necr           N/A          24%         4    #####..
 Agony                    Necr           ###.....     56%         5    ######.


Dungeon Overview and Level Annotations

Branches:
Dungeon (2/15)

Altars:


Innate Abilities, Weirdness & Mutations

You have sharp fingernails.
Armour fits poorly on your strangely shaped body.
You passively map a small area around you.
You are resistant to electric shocks. (rElec)


Message History

You aren't carrying any potions.
You aren't carrying any scrolls.
Sorry, you're not good enough to have a special ability.
A goblin comes into view.
You see here a fizzy inky potion.
b - a fizzy inky potion It was a potion of mutation.
You feel extremely strange.
You feel a strange attunement to the structure of the dungeons.
Your body twists and deforms.
You feel insulated.
The jackal bites you but does no damage.
The jackal misses you.
The jackal bites you but does no damage.
The jackal completely misses you.
A kobold comes into view.
The jackal misses you.
The jackal bites you but does no damage.
The jackal misses you.
The kobold shouts!
The jackal bites you.
You die...

. * #........#
,
..####........#
*.#
.........<....#
*.#
..............#
#.
..#.#........#
.. #((......#
*.#
g.....K.g###.##
*.# .......###
#..###.#
...#.#. *
##K##@.#
.......,
#g##h## .#.#++#
#.##h# ... *
#r.r.# .# *
*##..## , ' ,
#.....# , '
,........#
**..K........#
*
*.............#


You could see 2 jackals and a rat.

Vanquished Creatures
  2 dart slugs (D:1)
  4 bats (D:1)
  2 giant cockroaches (D:1)
  5 goblins (D:1)
  A hobgoblin (D:1)
  4 jackals
  3 kobolds (D:1)
  2 frilled lizards (D:1)
  3 rats (D:1)
26 creatures vanquished.

Vanquished Creatures (collateral kills)
  2 goblins (D:1)
  2 hobgoblins (D:1)
  A jackal (D:1)
5 creatures vanquished.

Grand Total: 31 creatures vanquished

Notes
Turn   | Place    | Note
-------+----------+-------------------------------------------
     0 | D:1      | Jerej03 the Demonspawn Necromancer began the quest for the
                  | Orb.
     0 | D:1      | Reached XP level 1. HP: 13/13 MP: 3/3
    12 | D:1      | Learned a level 1 spell: Animate Skeleton
   115 | D:1      | Gained mutation: You have sharp fingernails. [demonic
                  | ancestry]
   115 | D:1      | Reached XP level 2. HP: 14/19 MP: 0/5
   636 | D:1      | Reached skill level 5 in Necromancy
   636 | D:1      | Reached XP level 3. HP: 23/24 MP: 3/6
  1056 | D:2      | HP: 1/24 [jackal (1)]
  1059 | D:2      | Gained mutation: You passively map a small area around you.
                  | [potion of mutation]
  1059 | D:2      | Gained mutation: Armour fits poorly on your strangely
                  | shaped body. [potion of mutation]
  1059 | D:2      | Gained mutation: You are resistant to electric shocks.
                  | (rElec) [potion of mutation]
  1064 | D:2      | Slain by a jackal

Levels and vault maps discovered:
D:1:      psy_arrival_spokes, layout_basic, minmay_pentomino_r4
D:2:      layout_rooms, chequers_ecumenical_altar_simple_redux, minmay_mini_jars

Skill      XL: |  1  2 |
---------------+-------+-----
Necromancy     | 5 |  5.0
Axes           | |  0.5
Dodging        | |  1.9
Stealth        | |  1.8
Spellcasting   | |  2.5

Action                   || total
-------------------------++-------
Melee: Hand axe          ||    28
       Unarmed           ||     3
       Whip              ||    12
 Cast: Pain              ||    38
       Animate Skeleton  ||    13
  Use: Potion            ||     4
       Scroll            ||     2
  Eat: Chunk             ||     1
Armor: Robe              ||    13
Dodge: Dodged            ||    49

Table legend:
 A = Non-vault XP
 B = Vault XP
 C = Vault XP percentage of total XP
 D = Non-vault monster count
 E = Vault monster count
 F = Vault count percentage of total count
                 A         B        C        D         E       F
            +---------+---------+-------+---------+---------+-------
      Total |      55 |       2 |   3.5 |      29 |       2 |   6.5
            +---------+---------+-------+---------+---------+-------
        D:1 |      49 |       2 |   3.9 |      26 |       2 |   7.1
        D:2 |       6 |       0 |   0.0 |       3 |       0 |   0.0
            +---------+---------+-------+---------+---------+-------
